 Dungeon Crawl Stone Soup version 0.29.1-12-g30fa7ad0bf (webtiles) character file.

Game seed: 8425782021768200448

947 soggyman666 the Magician (level 8, -1/50 HPs)
             Began as a Djinni Fire Elementalist on Dec 14, 2022.
             Killed by an exploding elongatedgoose's ghost (12 damage)
             ... ignited by their inner flame
             ... on level 5 of the Dungeon.
             The game lasted 00:14:35 (6970 turns).

soggyman666 the Magician (Djinni Fire Elementalist) Turns: 6970, Time: 00:14:36

Health: -1/50      AC:  2    Str:  7    XL:     8   Next: 35%
Gold:   200        EV: 13    Int: 19    God:
                   SH:  5    Dex: 14

rFire   + + .      SeeInvis .   d - staff of earth
rCold   x . .      Faith    .   (no shield)
rNeg    . . .      Spirit   .   a - +0 robe
rPois   ∞          Reflect  +   (no helmet)
rElec   .          Harm     .   (no cloak)
rCorr   .          Rampage  .   (no gloves)
Will    .....                   (boots unavailable)
Stlth   ++........              b - amulet of reflection
HPRegen 0.16/turn               (no ring)
MPRegen 0.00/turn               (no ring)

@: flying
A: sickness immunity, fire resistance 2, cold vulnerability 1, float, innate
caster, HP casting, extra vitality 1
a: no special abilities


You were on level 5 of the Dungeon.
You visited 2 branches of the dungeon, and saw 6 of its levels.

You collected 200 gold pieces.

Inventory:

Armour
 a - a +0 robe (worn)
Magical Staves
 d - a staff of earth (weapon)
Jewellery
 b - an amulet of reflection (around neck)
Wands
 j - a wand of digging (3)
Scrolls
 c - 2 scrolls of teleportation
 e - a scroll of butterflies {unknown}
 f - a scroll of immolation
 r - a scroll of fear {unknown}
Potions
 g - a potion of brilliance {unknown}
 h - 2 potions of curing {unknown}
 i - a potion of degeneration {unknown}
 k - 3 potions of berserk rage {unknown}
 l - a potion of heal wounds {unknown}
 n - 2 potions of invisibility {unknown}
 o - a potion of ambrosia {unknown}


   Skills:
 + Level 0.1 Fighting
 * Level 3.3 Dodging
 * Level 3.3 Stealth
 * Level 6.6 Spellcasting


You had 2 spell levels left.
You knew the following spells:

 Your Spells              Type           Power      Damage    Failure   Level
a - Foxfire               Conj/Fire      100%       2x1d9     1%          1
b - Scorch                Fire           62%        2d8       1%          2
c - Conjure Flame         Conj/Fire      31%        6-21      1%          3
d - Inner Flame           Hex/Fire       31%        N/A       1%          3
e - Flame Wave            Conj/Fire      31%        2d9       7%          4
f - Summon Small Mammal   Summ           100%       N/A       1%          1
g - Passwall              Tmut/Erth      39%        N/A       1%          2
h - Poisonous Vapours     Pois/Air       62%        N/A       1%          2
Your spell library was empty.

Dungeon Overview and Level Annotations

Branches:
Dungeon (5/15)             Temple (1/1) D:4

Altars:
Cheibriados
Dithmenos
Elyvilon
Fedhas
Gozag
Makhleb
Qazlal
Trog
Wu Jian
Xom
Yredelemnul
Zin
The Shining One

Shops:
D:3 (   D:5 [

Annotations:
D:5 1 runed translucent door


Innate Abilities, Weirdness & Mutations

You are immune to sickness and miasma.
You are immune to poison.
Your flesh is very heat resistant. (rF++)
You are vulnerable to cold. (rC-)
You float through the air rather than walking.
You learn spells naturally, not from books.
Your magical power is your life essence.
You have superior vitality. (+4 MHP)


Message History

Flames lash elongatedgoose's ghost.
Elongatedgoose's ghost is burned terribly!
Flame seeps out of elongatedgoose's ghost.
Elongatedgoose's ghost is heavily damaged.
The rat completely misses your quokka.
Your quokka bites the rat.
The rat dies!
Elongatedgoose's ghost is engulfed in blazing flames.
Flame seeps out of elongatedgoose's ghost.
You block elongatedgoose's ghost's attack.
Casting: Scorch (safe; 1% risk of failure)
Confirm with . or Enter, or press ? or * to list all spells.
Flames lash elongatedgoose's ghost.
Elongatedgoose's ghost is burned terribly!
Flame seeps out of elongatedgoose's ghost.
Elongatedgoose's ghost is heavily damaged.
The worm barely misses your quokka.
Elongatedgoose's ghost is engulfed in blazing flames.
Flame seeps out of elongatedgoose's ghost.
Elongatedgoose's ghost misses you.
Casting: Scorch (safe; 1% risk of failure)
Confirm with . or Enter, or press ? or * to list all spells.
Flames lash elongatedgoose's ghost.
Elongatedgoose's ghost is burned terribly!
Flame seeps out of elongatedgoose's ghost.
Elongatedgoose's ghost is almost destroyed.
Elongatedgoose's ghost is engulfed in blazing flames.
Flame seeps out of elongatedgoose's ghost.
Elongatedgoose's ghost hits you!
* * * LOW HITPOINT WARNING * * *
Casting: Scorch (safe; 1% risk of failure)
Confirm with . or Enter, or press ? or * to list all spells.
Flames lash elongatedgoose's ghost.
Elongatedgoose's ghost is burned terribly!
* * * LOW HITPOINT WARNING * * *
Elongatedgoose's ghost explodes!
The fiery explosion engulfs your quokka!!
You kill your quokka!
Your quokka's corpse disappears in a puff of smoke!
The fiery explosion engulfs you! You resist.
You die...

...###.# #.# #....## #.## #.#
#.# #.#### #.# #.#######.# #.#
..# #.........# ####.#### #.#
###############........# #.#
#........##.# #.#
#..##.##.##.### #.#
##.##..........# #.#
##@.##..##.##.#.#
#.#############§#.##..##.##.#.#
..#~r~~~~~~~#†§##.##..........#
..+r~w~?~~~~w..##.##.###.###..#
..#w~~~~~~~~#......#.# #.# #..#
#################..#.# #.###..#
# #.# #.# #..#.# #......# #.#
#.# #..#.# ###.##.# #.# #.#
#..#.# #.##.#


You could see a worm.

Vanquished Creatures
  The ghost of elongatedgoose the Shield-Bearer, a novice FoFi (D:5)
  Grinder (D:3)
  Sigmund (D:2)
  A black bear (D:5)
  A gnoll sergeant (D:5)
  2 scorpions
  2 jellies
  A hound (D:5)
  An iguana (D:5)
  8 gnolls
  8 adders
  A shadow imp (D:5)
  2 ufetubi (D:5)
  2 worms
  An orc (D:5)
  3 bats
  5 endoplasms
  3 giant cockroaches
  8 goblins
  7 hobgoblins
  3 jackals (D:4)
  2 quokkas
  3 ball pythons (D:1)
  2 frilled lizards
  9 kobolds
  6 rats
84 creatures vanquished.

Vanquished Creatures (collateral kills)
  A ball python (D:5)
  A rat (D:5)
  3 foxfires (D:1)
5 creatures vanquished.

Vanquished Creatures (others)
  8 demonic plants (D:1)
  454 foxfires
  11 fungi (D:5)
  A plant (D:1)
  5 withered plants (D:1)
479 creatures vanquished.

Grand Total: 568 creatures vanquished

Notes
Turn   | Place    | Note
-------+----------+-------------------------------------------
     0 | D:1      | soggyman666 the Djinni Fire Elementalist began the quest
                  | for the Orb.
     0 | D:1      | soggyman666 set off with the following spells memorised:
                  | Foxfire, Scorch, Conjure Flame, Inner Flame, Flame Wave.
     0 | D:1      | Reached XP level 1. HP: 15/15 MP: 0/0
     4 | D:1      | Noticed a death yak
     7 | D:1      | Noticed an anaconda
   516 | D:1      | Reached XP level 2. HP: 19/21 MP: 0/0
   677 | D:1      | Found a faded altar of an unknown god.
  1493 | D:1      | Reached skill level 3 in Spellcasting
  1493 | D:1      | Reached XP level 3. HP: 19/25 MP: 0/0
  1493 | D:1      | Learned a level 1 spell: Summon Small Mammal
  2586 | D:2      | Reached XP level 4. HP: 18/31 MP: 0/0
  3434 | D:2      | Noticed Sigmund
  3443 | D:2      | Killed Sigmund
  3444 | D:2      | Reached skill level 4 in Spellcasting
  3444 | D:2      | Reached XP level 5. HP: 29/35 MP: 0/0
  3444 | D:2      | Learned a level 2 spell: Passwall
  3444 | D:2      | Reached XP level 6. HP: 33/40 MP: 0/0
  4200 | D:3      | Found a stormy altar of Qazlal.
  4226 | D:3      | Found Supionum's Antique Weapon Shop.
  4583 | D:3      | Noticed Grinder
  4588 | D:3      | Killed Grinder
  4589 | D:3      | Reached skill level 5 in Spellcasting
  4589 | D:3      | Reached XP level 7. HP: 32/45 MP: 0/0
  4589 | D:3      | Learned a level 2 spell: Poisonous Vapours
  4941 | D:4      | Found a staircase to the Ecumenical Temple.
  4952 | Temple   | Entered the Ecumenical Temple
  5647 | D:5      | Entered Level 5 of the Dungeon
  5702 | D:5      | Found a snail-covered altar of Cheibriados.
  5717 | D:5      | Reached skill level 6 in Spellcasting
  5835 | D:5      | Found Juthreh's Antique Armour Emporium.
  5957 | D:5      | Reached XP level 8. HP: 47/50 MP: 0/0
  6310 | D:5      | Found a runed translucent door.
  6313 | D:5      | Noticed elongatedgoose's ghost (novice FoFi)
  6557 | D:5      | Found a runed translucent door.
  6970 | D:5      | Killed elongatedgoose's ghost
  6970 | D:5      | Killed by an exploding elongatedgoose's ghost... ignited by
                  | their inner flame

Illustrated notes

Levels and vault maps discovered:
D:1:      sevenhm_arrival_forest_fort_small_2, layout_loops_corners,
          shapermc_ecumenical_altar_gd
D:2:      layout_basic, uniq_sigmund
D:3:      layout_loops_ring, mainiacjoe_overflow_small_starburst, serial_shops,
          shop, nicolae_titane, uniq_grinder
D:4:      layout_basic, minmay_temple_entry_hall
D:5:      layout_loops_ring, lemuel_crystal_altar, ebering_ghost_sewer_f,
          serial_shops, shop, dreamdust_mushroom_princess,
          kennysheep_generic_room_16
Temple:   nicolae_temple_x_marks_the_god

Skill      XL: |  1  2  3  4  5  6  7 |
---------------+----------------------+-----
Spellcasting   | 3 4 5 6 |  6.6
Stealth        | 2 3 |  3.3
Dodging        | 3 |  3.3
Fighting       | |  0.1

Action                   |  1- 3 |  4- 6 |  7- 9 || total
-------------------------+-------+-------+-------++-------
 Cast: Foxfire           |   100 |   103 |    81 ||   284
       Scorch            |     5 |     3 |    21 ||    29
       Summon Small Mamm |     7 |       |     3 ||    10
       Inner Flame       |       |     3 |     3 ||     6
       Passwall          |       |     3 |       ||     3
       Conjure Flame     |       |       |     2 ||     2
       Poisonous Vapours |       |       |     1 ||     1
Evoke: Wand              |       |       |     1 ||     1
  Use: Scroll            |       |       |     8 ||     8
Armor: Robe              |     2 |       |       ||     2
Dodge: Dodged            |     4 |     1 |     3 ||     8
Block: Other             |       |       |     1 ||     1
